TOP OF THE 1ST |
Hillsboro Hops batting - Pitching for Cincinnati (NYP) Reds : LHP Brett Grijalva
|
Pitching: LHP Brett Grijalva
|
|
Batting: RHB Yutaka Oki
|
0-0: Ball 1-0: Called Strike 1-1: Called Strike 1-2: Ball 2-2: Ball 3-2: Strikes out looking
|
Batting: RHB Daniel Rivera
|
0-0: Ball 1-0: Foul Ball, location: 2F 1-1: Ball 2-1: Ball 3-1: SOLO HOME RUN (Flyball, 78XD, EV 109.4 MPH), Distance : 434 ft
|
Batting: RHB Terry Jarrells
|
0-0: Ball 1-0: Foul Ball, location: 2F 1-1: Swinging Strike 1-2: Foul Ball, location: 2F 1-2: Strikes out swinging
|
Batting: RHB Tim Borden
|
0-0: Swinging Strike 0-1: Swinging Strike 0-2: TRIPLE (Flyball, 78XD, EV 106.2 MPH)
|
Batting: LHB Franklin Quezada
|
0-0: Ball 1-0: Called Strike 1-1: Foul Ball, location: 2F 1-2: Strikes out looking
|
Top of the 1st over - 1 run, 2 hits, 0 errors, 1 left on base; Hillsboro 1 - Cincinnati (NYP) 0 |
BOTTOM OF THE 1ST |
Cincinnati (NYP) Reds batting - Pitching for Hillsboro Hops : RHP Jordan Rondon
|
Pitching: RHP Jordan Rondon
|
|
Batting: RHB Jon Marquez
|
0-0: Ball 1-0: DOUBLE (Groundball, 5L, EV 103.8 MPH)
|
Batting: RHB Kevin Larner
|
0-0: Hit by Pitch
|
Batting: RHB Randy Grewe
|
0-0: SINGLE (Groundball, 6MD, EV 101.2 MPH) Jon Marquez to third Kevin Larner to second Runner from 3rd tries for Home, SAFE, throw by CF to home
|
Batting: LHB Brian Dickeson
|
0-0: Called Strike 0-1: Swinging Strike 0-2: Ball 1-2: Strikes out swinging
|
Batting: RHB David Clough
|
0-0: Ball 1-0: Swinging Strike 1-1: Ball Wild Pitch! Kevin Larner to third Randy Grewe to second 2-1: Ball 3-1: Base on Balls
|
Batting: SHB Cesar Pelayo
|
0-0: Swinging Strike 0-1: Swinging Strike 0-2: Strikes out swinging
|
Batting: RHB Tim Walter
|
0-0: Ball 1-0: Fielders Choice at 2nd, 5-4 (Groundball, 5L, EV 104.4 MPH)
|
Bottom of the 1st over - 1 run, 2 hits, 0 errors, 3 left on base; Hillsboro 1 - Cincinnati (NYP) 1 |
TOP OF THE 2ND |
Hillsboro Hops batting - Pitching for Cincinnati (NYP) Reds : LHP Brett Grijalva
|
Batting: RHB Cesar Rendon
|
0-0: Ball 1-0: Ball 2-0: Ground out 4-3 (Groundball, 4, EV 88.8 MPH)
|
Batting: RHB Sean Tanner
|
0-0: DOUBLE (Line Drive, 89XD, EV 100.0 MPH)
|
Batting: RHB Jonathan Underhill
|
0-0: Foul Ball, location: 2F 0-1: Swinging Strike 0-2: Ground out 6-3 (Groundball, 56D, EV 107.5 MPH)
|
Batting: LHB Josh Kirk
|
0-0: Called Strike 0-1: Ball 1-1: Swinging Strike 1-2: Ball 2-2: Strikes out swinging
|
Top of the 2nd over - 0 runs, 1 hit, 0 errors, 1 left on base; Hillsboro 1 - Cincinnati (NYP) 1 |
BOTTOM OF THE 2ND |
Cincinnati (NYP) Reds batting - Pitching for Hillsboro Hops : RHP Jordan Rondon
|
Batting: RHB R.J. Romberg
|
0-0: Ball 1-0: Ground out 6-3 (Groundball, 6, EV 86.2 MPH)
|
Batting: RHB Cyd Carver
|
0-0: Ball 1-0: Called Strike 1-1: Foul Ball, location: 2F 1-2: Ground out 5-3 (Groundball, 5, EV 85.0 MPH)
|
Batting: RHB Jon Marquez
|
0-0: Ball 1-0: Ball 2-0: Called Strike 2-1: Foul Ball, location: 2F 2-2: Reached on error, E5 (Groundball, 56, EV 90.6 MPH)
|
Batting: RHB Kevin Larner
|
0-0: Called Strike Jon Marquez steals 2nd base 0-1: Ball 1-1: Ball 2-1: Foul Ball, location: 2F 2-2: Fly out, F8 (Line Drive, 89D, EV 86.9 MPH)
|
Bottom of the 2nd over - 0 runs, 0 hits, 1 error, 1 left on base; Hillsboro 1 - Cincinnati (NYP) 1 |
TOP OF THE 3RD |
Hillsboro Hops batting - Pitching for Cincinnati (NYP) Reds : LHP Brett Grijalva
|
Batting: RHB Yutaka Oki
|
0-0: Swinging Strike 0-1: Ball 1-1: Ball 2-1: DOUBLE (Line Drive, 7LS, EV 95.6 MPH)
|
Batting: RHB Daniel Rivera
|
0-0: Called Strike 0-1: Called Strike 0-2: Ball 1-2: Ball 2-2: Fly out, F3 (Line Drive, 3, EV 73.8 MPH)
|
Batting: RHB Terry Jarrells
|
0-0: Ball 1-0: Ball 2-0: Called Strike 2-1: Ball 3-1: Base on Balls
|
Batting: RHB Tim Borden
|
0-0: Foul Ball, location: 2F 0-1: Ball Passed Ball! Yutaka Oki to third Terry Jarrells to second 1-1: Foul Ball, location: 2F 1-2: Ball 2-2: Foul Ball, location: 2F 2-2: Ball 3-2: Foul Ball, location: 2F 3-2: Base on Balls
|
Batting: LHB Franklin Quezada
|
0-0: Ball 1-0: Swinging Strike 1-1: Ball 2-1: Swinging Strike 2-2: Ball 3-2: Strikes out swinging
|
Batting: RHB Cesar Rendon
|
0-0: Reached on error, E1 (Groundball, 15S, EV 73.8 MPH) Yutaka Oki scores Terry Jarrells to third Tim Borden to second
|
Batting: RHB Sean Tanner
|
0-0: Called Strike 0-1: Ball 1-1: Ball 2-1: Ball 3-1: Foul Ball, location: 2F 3-2: Strikes out swinging
|
Top of the 3rd over - 1 run, 1 hit, 1 error, 3 left on base; Hillsboro 2 - Cincinnati (NYP) 1 |
BOTTOM OF THE 3RD |
Cincinnati (NYP) Reds batting - Pitching for Hillsboro Hops : RHP Jordan Rondon
|
Batting: RHB Randy Grewe
|
0-0: Called Strike 0-1: Ball 1-1: Ball 2-1: Swinging Strike 2-2: Strikes out swinging, 2-3 out at first.
|
Batting: LHB Brian Dickeson
|
0-0: Fly out, F8 (Flyball, 8RM, EV 87.5 MPH)
|
Batting: RHB David Clough
|
0-0: Swinging Strike 0-1: Ball 1-1: Swinging Strike 1-2: Foul Ball, location: 2F 1-2: Fly out, F9 (Flyball, 9S, EV 85.0 MPH)
|
Bottom of the 3rd over - 0 runs, 0 hits, 0 errors, 0 left on base; Hillsboro 2 - Cincinnati (NYP) 1 |
TOP OF THE 4TH |
Hillsboro Hops batting - Pitching for Cincinnati (NYP) Reds : LHP Brett Grijalva
|
Batting: RHB Jonathan Underhill
|
0-0: Ball 1-0: Foul Ball, location: 2F 1-1: Ball 2-1: Called Strike 2-2: Foul Ball, location: 2F 2-2: Ball 3-2: Foul Ball, location: 2F 3-2: Fly out, F6 (Popup, 56D, EV 55.0 MPH)
|
Batting: LHB Josh Kirk
|
0-0: Foul Ball, location: 2F 0-1: Ball 1-1: Ground out 6-3 (Groundball, 56D, EV 79.4 MPH)
|
Batting: RHB Yutaka Oki
|
0-0: Called Strike 0-1: Ball 1-1: Ball 2-1: Ball 3-1: Called Strike 3-2: Fly out, F9 (Flyball, 9LS, EV 91.2 MPH)
|
Top of the 4th over - 0 runs, 0 hits, 0 errors, 0 left on base; Hillsboro 2 - Cincinnati (NYP) 1 |
BOTTOM OF THE 4TH |
Cincinnati (NYP) Reds batting - Pitching for Hillsboro Hops : RHP Jordan Rondon
|
Batting: SHB Cesar Pelayo
|
0-0: Called Strike 0-1: Foul Ball, location: 2F 0-2: Foul Ball, location: 2F 0-2: Ball 1-2: Foul Ball, location: 2F 1-2: Fly out, F3 (Line Drive, 3L, EV 68.8 MPH)
|
Batting: RHB Tim Walter
|
0-0: Ball 1-0: Swinging Strike 1-1: Swinging Strike 1-2: Foul Ball, location: 2F 1-2: Strikes out swinging
|
Batting: RHB R.J. Romberg
|
0-0: Called Strike 0-1: Ball 1-1: Fly out, F7 (Flyball, 7LMF, EV 105.0 MPH)
|
Bottom of the 4th over - 0 runs, 0 hits, 0 errors, 0 left on base; Hillsboro 2 - Cincinnati (NYP) 1 |
TOP OF THE 5TH |
Hillsboro Hops batting - Pitching for Cincinnati (NYP) Reds : LHP Brett Grijalva
|
Batting: RHB Daniel Rivera
|
0-0: Swinging Strike 0-1: Ball 1-1: Ball 2-1: Foul Ball, location: 2F 2-2: SINGLE (Groundball, 56, EV 99.4 MPH)
|
Batting: RHB Terry Jarrells
|
0-0: Called Strike 0-1: Fly out, F7 (Flyball, 78S, EV 90.0 MPH)
|
Batting: RHB Tim Borden
|
0-0: Called Strike 0-1: Called Strike 0-2: Ball 1-2: Foul Ball, location: 2F 1-2: Strikes out swinging
|
Batting: LHB Franklin Quezada
|
0-0: Called Strike 0-1: Ball Daniel Rivera is caught stealing 2nd base 2-6
|
Top of the 5th over - 0 runs, 1 hit, 0 errors, 0 left on base; Hillsboro 2 - Cincinnati (NYP) 1 |
BOTTOM OF THE 5TH |
Cincinnati (NYP) Reds batting - Pitching for Hillsboro Hops : RHP Jordan Rondon
|
Batting: RHB Cyd Carver
|
0-0: Called Strike 0-1: SINGLE (Groundball, 6D, EV 95.6 MPH)
|
Batting: RHB Jon Marquez
|
0-0: Ball 1-0: Fly out, F8 (Flyball, 8RXD, EV 93.8 MPH)
|
Batting: RHB Kevin Larner
|
0-0: Called Strike 0-1: Fly out, F8 (Flyball, 8RD, EV 94.4 MPH)
|
Batting: RHB Randy Grewe
|
0-0: Foul Ball, location: 2F 0-1: Called Strike 0-2: Ball 1-2: Ball 2-2: Foul Ball, location: 2F 2-2: Ground out 4-3 (Groundball, 4, EV 79.4 MPH)
|
Bottom of the 5th over - 0 runs, 1 hit, 0 errors, 1 left on base; Hillsboro 2 - Cincinnati (NYP) 1 |
TOP OF THE 6TH |
Hillsboro Hops batting - Pitching for Cincinnati (NYP) Reds : LHP Brett Grijalva
|
Batting: LHB Franklin Quezada
|
0-0: Ball 1-0: Ball 2-0: Ball 3-0: Called Strike 3-1: Base on Balls
|
Pitching: RHP Calisto Morda
|
|
Batting: RHB Cesar Rendon
|
0-0: Ball 1-0: Called Strike 1-1: Ball 2-1: Swinging Strike 2-2: Foul Ball, location: 2F 2-2: Strikes out swinging
|
Batting: RHB Sean Tanner
|
0-0: Ball 1-0: Ball 2-0: DOUBLE (Line Drive, 7LS, EV 98.8 MPH) Franklin Quezada to third Runner from 3rd tries for Home, SAFE, throw by LF to home
|
Batting: RHB Jonathan Underhill
|
0-0: SINGLE (Groundball, 56D, EV 98.1 MPH) Sean Tanner to third
|
Batting: LHB Josh Kirk
|
0-0: Called Strike Jonathan Underhill steals 2nd base 0-1: Ball 1-1: Ball 2-1: Called Strike 2-2: Ball 3-2: Strikes out swinging
|
Batting: RHB Yutaka Oki
|
0-0: Called Strike 0-1: Fly out, F7 (Line Drive, 7S, EV 106.2 MPH)
|
Top of the 6th over - 1 run, 2 hits, 0 errors, 2 left on base; Hillsboro 3 - Cincinnati (NYP) 1 |
BOTTOM OF THE 6TH |
Cincinnati (NYP) Reds batting - Pitching for Hillsboro Hops : RHP Jordan Rondon
|
Batting: LHB Brian Dickeson
|
0-0: Ball 1-0: Ball 2-0: Ground out 4-3 (Groundball, 4S, EV 86.9 MPH)
|
Batting: RHB David Clough
|
0-0: Swinging Strike 0-1: Ball 1-1: Foul Ball, location: 2F 1-2: Strikes out swinging
|
Batting: SHB Cesar Pelayo
|
0-0: Ball 1-0: Ball 2-0: Foul Ball, location: 2F 2-1: DOUBLE (Line Drive, 3D, EV 96.9 MPH)
|
Batting: RHB Tim Walter
|
0-0: Ball 1-0: Ball 2-0: Called Strike 2-1: Foul Ball, location: 2F 2-2: Strikes out looking
|
Bottom of the 6th over - 0 runs, 1 hit, 0 errors, 1 left on base; Hillsboro 3 - Cincinnati (NYP) 1 |
TOP OF THE 7TH |
Hillsboro Hops batting - Pitching for Cincinnati (NYP) Reds : RHP Calisto Morda
|
Batting: RHB Daniel Rivera
|
0-0: Called Strike 0-1: Foul Ball, location: 2F 0-2: Ball 1-2: Ball 2-2: Fly out, F9 (Flyball, 9S, EV 88.1 MPH)
|
Batting: RHB Terry Jarrells
|
0-0: Foul Ball, location: 2F 0-1: Ball 1-1: Ball 2-1: Called Strike 2-2: Foul Ball, location: 2F 2-2: Foul Ball, location: 2F 2-2: Foul Ball, location: 2F 2-2: Foul Ball, location: 2F 2-2: Ball 3-2: Foul Ball, location: 2F 3-2: Base on Balls
|
Pitching: RHP Javier Perez
|
|
Batting: RHB Tim Borden
|
0-0: Ball 1-0: Foul Ball, location: 2F 1-1: Grounds into double play, 6-4-3 (Groundball, 56, EV 101.2 MPH)
|
Top of the 7th over - 0 runs, 0 hits, 0 errors, 0 left on base; Hillsboro 3 - Cincinnati (NYP) 1 |
BOTTOM OF THE 7TH |
Cincinnati (NYP) Reds batting - Pitching for Hillsboro Hops : RHP Jordan Rondon
|
Batting: RHB R.J. Romberg
|
0-0: Ball 1-0: Called Strike 1-1: Ball 2-1: Foul Ball, location: 2F 2-2: Ground out 4-3 (Groundball, 4, EV 100.6 MPH)
|
Batting: RHB Cyd Carver
|
0-0: Called Strike 0-1: Ball 1-1: Foul Ball, location: 2F 1-2: Foul Ball, location: 2F 1-2: Foul Ball, location: 2F 1-2: Strikes out looking
|
Batting: RHB Jon Marquez
|
0-0: Ball 1-0: Ground out 5-3 (Groundball, 56S, EV 85.0 MPH)
|
Bottom of the 7th over - 0 runs, 0 hits, 0 errors, 0 left on base; Hillsboro 3 - Cincinnati (NYP) 1 |
TOP OF THE 8TH |
Hillsboro Hops batting - Pitching for Cincinnati (NYP) Reds : RHP Javier Perez
|
Batting: LHB Franklin Quezada
|
0-0: Ball 1-0: Fly out, F7 (Flyball, 7S, EV 89.4 MPH)
|
Batting: RHB Cesar Rendon
|
0-0: Ball 1-0: Fly out, F9 (Flyball, 9LSF, EV 93.1 MPH)
|
Batting: RHB Sean Tanner
|
0-0: Called Strike 0-1: Ball 1-1: Foul Ball, location: 2F 1-2: Foul Ball, location: 2F 1-2: Foul Ball, location: 2F 1-2: Foul Ball, location: 2F 1-2: Strikes out looking
|
Top of the 8th over - 0 runs, 0 hits, 0 errors, 0 left on base; Hillsboro 3 - Cincinnati (NYP) 1 |
BOTTOM OF THE 8TH |
Cincinnati (NYP) Reds batting - Pitching for Hillsboro Hops : RHP Jordan Rondon
|
Batting: RHB Kevin Larner
|
0-0: Called Strike 0-1: Foul Ball, location: 2F 0-2: Ball 1-2: Foul Ball, location: 2F 1-2: Strikes out swinging
|
Batting: RHB Randy Grewe
|
0-0: Ball 1-0: Ball 2-0: Ball 3-0: Fly out, F9 (Line Drive, 9LM, EV 110.0 MPH)
|
Batting: LHB Brian Dickeson
|
0-0: Ball 1-0: Foul Ball, location: 2F 1-1: Ball 2-1: Foul Ball, location: 2F 2-2: Ball 3-2: Ground out 3-1 (Groundball, 34S, EV 83.8 MPH)
|
Bottom of the 8th over - 0 runs, 0 hits, 0 errors, 0 left on base; Hillsboro 3 - Cincinnati (NYP) 1 |
TOP OF THE 9TH |
Hillsboro Hops batting - Pitching for Cincinnati (NYP) Reds : RHP Javier Perez
|
Pitching: RHP Rob Penton
|
|
Batting: RHB Jonathan Underhill
|
0-0: Ball 1-0: Ball 2-0: Ground out 6-3 (Groundball, 6, EV 78.1 MPH)
|
Batting: LHB Josh Kirk
|
0-0: Foul Ball, location: 2F 0-1: Ball 1-1: Swinging Strike 1-2: Strikes out swinging
|
Batting: RHB Yutaka Oki
|
0-0: Ball 1-0: Called Strike 1-1: SINGLE (Groundball, 6MD, EV 94.4 MPH)
|
Batting: RHB Daniel Rivera
|
0-0: Swinging Strike 0-1: Ball Pickoff Throw to First - Error! E1 Yutaka Oki to second 1-1: Foul Ball, location: 2F 1-2: Ball 2-2: Ball 3-2: SINGLE (Line Drive, 7S, EV 90.0 MPH) Yutaka Oki to third Runner from 3rd tries for Home, SAFE, throw by LF to home
|
Batting: RHB Terry Jarrells
|
0-0: Called Strike 0-1: Foul Ball, location: 2F 0-2: Ball 1-2: 2-RUN HOME RUN (Flyball, 7LD, EV 94.4 MPH), Distance : 355 ft
|
Batting: RHB Tim Borden
|
0-0: Foul Ball, location: 2F 0-1: Foul Ball, location: 2F 0-2: Ball 1-2: Strikes out swinging
|
Top of the 9th over - 3 runs, 3 hits, 1 error, 0 left on base; Hillsboro 6 - Cincinnati (NYP) 1 |
BOTTOM OF THE 9TH |
Cincinnati (NYP) Reds batting - Pitching for Hillsboro Hops : RHP Jordan Rondon
|
Pitching: RHP John Meyer
|
|
Batting: RHB David Clough
|
0-0: Foul Ball, location: 2F 0-1: Ball 1-1: Foul Ball, location: 2F 1-2: Ball 2-2: Ground out 4-3 (Groundball, 4, EV 102.5 MPH)
|
Batting: SHB Cesar Pelayo
|
0-0: Called Strike 0-1: Ball 1-1: Foul Ball, location: 2F 1-2: Ball 2-2: Foul Ball, location: 2F 2-2: Foul Ball, location: 2F 2-2: Foul Ball, location: 2F 2-2: Strikes out swinging
|
Batting: RHB Tim Walter
|
0-0: Fly out, F7 (Flyball, 7D, EV 99.4 MPH)
|
Bottom of the 9th over - 0 runs, 0 hits, 0 errors, 0 left on base; Hillsboro 6 - Cincinnati (NYP) 1 |
|